 Dungeon Crawl Stone Soup version 0.29-a0-284-gf9362112df (webtiles) character file.

Game seed: 7399441183862151700

6152 sammy202020 the Fighter (level 10, -4/123 HPs)
             Began as a Demonspawn Berserker on Mar 22, 2022.
             Was a Priest of Trog.
             Slain by a two-headed ogre
             ... wielding a +0 giant spiked club
              (13 damage)
             ... on level 9 of the Dungeon.
             The game lasted 00:21:20 (6024 turns).

sammy202020 the Fighter (Demonspawn Berserker)      Turns: 6024, Time: 00:21:21

Health: -4/123     AC: 20    Str: 19    XL:     10   Next: 59%
Magic:  10/10      EV: 13    Int: 20    God:    Trog [***...]
Gold:   238        SH:  0    Dex: 13    Spells: 9/9 levels left

rFire   + . .      SeeInvis +   N - +0 battleaxe
rCold   . . .      Faith    .   (shield currently unavailable)
rNeg    . . .      Spirit   .   a - +0 plate armour
rPois   .          Reflect  .   p - +1 helmet {Int+3}
rElec   .          Harm     .   o - +0 cloak
rCorr   .          Rampage  .   (no gloves)
Will    ++...                   (no boots)
Stlth   ..........              A - amulet of regeneration
HPRegen 2.10/turn               C - ring of see invisible
MPRegen 0.12/turn               d - ring "Sydogyna" {rF+ Int+6}

@: mighty, agile, berserking, strong-willed, regenerating, very quick
A: hooves 2, yellow scales 2, powered by death 2, powered by pain 1
a: Renounce Religion, Berserk, Trog's Hand


You were on level 9 of the Dungeon.
You worshipped Trog.
Trog was most pleased with you.
You visited 1 branch of the dungeon, and saw 9 of its levels.

You collected 499 gold pieces.
You spent 261 gold pieces at shops.

Inventory:

Hand Weapons
 n - a +2 flail of protection
 L - a +0 dire flail
 N - a +0 battleaxe (weapon)
Missiles
 j - 6 javelins (quivered)
 s - 9 boomerangs
 z - 31 poisoned darts
 I - 4 silver javelins
Armour
 a - a +0 plate armour (worn)
 o - a +0 cloak (worn)
 p - a +1 helmet of intelligence (worn)
 D - a +2 robe of cold resistance
Jewellery
 b - a +4 ring of evasion
 d - the ring "Sydogyna" (right hand) {rF+ Int+6}
   (You acquired it on level 2 of the Dungeon)

   [ring of intelligence]

   Int:       It affects your intelligence (+6).
   rF:        It protects you from fire.
 q - a ring of willpower
 u - a ring of fire
 A - an amulet of regeneration (around neck)
 B - a +4 ring of evasion
 C - a ring of see invisible (left hand)
 E - an amulet of reflection
Wands
 y - a wand of flame (10)
 G - a wand of iceblast (4)
 J - a wand of charming (8)
Scrolls
 e - 3 scrolls of teleportation
 f - 5 scrolls of fear
 l - a scroll of fog
 m - 2 scrolls of amnesia
 r - a scroll of magic mapping
 t - 5 scrolls of identify
Potions
 c - a potion of haste
 g - 3 potions of lignification
 h - 5 potions of brilliance
 k - a potion of magic
 w - 3 potions of curing
 x - 2 potions of flight
 F - 2 potions of berserk rage
 M - a potion of cancellation


   Skills:
 + Level 8.7 Fighting
 + Level 7.9 Axes
 + Level 7.6 Armour
 + Level 7.6 Dodging


You had 9 spell levels left.
You didn't know any spells.
Your spell library was empty.

Dungeon Overview and Level Annotations

Branches:
Dungeon (9/15)             Temple (0/1) D:7
   Lair: D:8-11         Orc: D:9-12

Altars:
Sif Muna

Shops:
D:3 =   D:4 *   D:5 [   D:7 =

Annotations:
D:9 Prince Ribbit


Innate Abilities, Weirdness & Mutations

You have hoof-like feet.
You are mostly covered in yellow scales. (AC +3)
You regenerate health from kills.
You sometimes gain a little power by taking damage.


Message History

You feel agile all of a sudden. The basilisk barely misses you.
The basilisk bites you but does no damage.
There is a stone staircase leading up, spattered with blood here.
You see here a water moccasin corpse.
You barely miss the two-headed ogre.
You kick the two-headed ogre, but do no damage.
The two-headed ogre is moderately wounded.
The two-headed ogre hits you with a +0 giant spiked club!
The two-headed ogre hits you with a +0 giant spiked club.
You hit the two-headed ogre.
The two-headed ogre is moderately wounded.
The two-headed ogre hits you with a +0 giant spiked club!
The two-headed ogre barely misses you.
You hit the two-headed ogre but do no damage.
The two-headed ogre is moderately wounded.
The two-headed ogre hits you with a +0 giant spiked club!
* * * LOW HITPOINT WARNING * * *
You focus on the pain.
You feel very mighty all of a sudden.
The two-headed ogre hits you with a +0 giant spiked club!
* * * LOW HITPOINT WARNING * * *
Your skin crawls.
You feel strong-willed. The two-headed ogre closely misses you.
The two-headed ogre hits you with a +0 giant spiked club!
* * * LOW HITPOINT WARNING * * *
A red film seems to cover your vision as you go berserk!
You feel yourself moving faster!
You feel mighty!
You closely miss the two-headed ogre.
The two-headed ogre is moderately wounded.
The two-headed ogre barely misses you.
The two-headed ogre hits you but does no damage.
You barely miss the two-headed ogre.
The two-headed ogre is moderately wounded.
You barely miss the two-headed ogre. You kick the two-headed ogre.
The two-headed ogre is moderately wounded.
The two-headed ogre closely misses you.
The two-headed ogre hits you with a +0 giant spiked club!
You die...

..♣.... .#
....P..#.#
♣...P....###
...........#
........>..
....[....#
......Kl.#
....P.#O##
..... #@#
....
#.#####..
...
#........ #>
##.....#. #
.....#
.....#
.....#
.....#
######


You could see a two-headed ogre, a basilisk and a kobold.

Vanquished Creatures
  A cyclops (D:7)
  Maggie (D:6)
  A hornet (D:9)
  A shadow (D:9)
  Sigmund (D:3)
  4 wyverns
  Eustachio (D:5)
  A steam dragon (D:7)
  Edmund (D:6)
  5 water moccasins
  4 orc warriors
  A sky beast (D:6)
  A black bear (D:9)
  4 ogres
  3 wolves (D:9)
  3 centaurs
  5 kobold brigands
  4 bullfrogs (D:6)
  A necrophage (D:5)
  3 scorpions
  3 wights (D:7)
  4 howler monkeys (D:7)
  A jelly (D:6)
  3 hounds
  Crazy Yiuf (D:3)
  6 orc priests
  A gnoll shaman (D:7)
  2 iguanas
  11 orc wizards
  Robin (D:2)
  9 gnolls
  5 adders
  A white imp (D:6)
  2 worms
  A dart slug (D:1)
  36 orcs
  3 ball pythons
  4 bats
  6 endoplasms
  7 giant cockroaches
  13 goblins
  6 hobgoblins
  7 jackals (D:1)
  11 kobolds
  3 quokkas
  2 frilled lizards
  6 rats
201 creatures vanquished.

Vanquished Creatures (others)
  An orc wizard (D:8)
  4 fungi (D:9)
  18 plants (D:9)
23 creatures vanquished.

Grand Total: 224 creatures vanquished

Notes
Turn   | Place    | Note
-------+----------+-------------------------------------------
     0 | D:1      | sammy202020 the Demonspawn Berserker began the quest for
                  | the Orb.
     0 | D:1      | Reached XP level 1. HP: 18/18 MP: 1/1
    90 | D:1      | Gained mutation: You are partially covered in yellow
                  | scales. (AC +2) [demonic ancestry]
    90 | D:1      | Reached XP level 2. HP: 11/24 MP: 2/2
   701 | D:1      | Gained mutation: You have large cloven feet. [demonic
                  | ancestry]
   701 | D:1      | Reached XP level 3. HP: 28/29 MP: 3/3
   876 | D:1      | Found a faded altar of an unknown god.
  1060 | D:2      | Reached ** piety under Trog
  1582 | D:2      | Identified a scroll of acquirement
  1582 | D:2      | Acquired the ring "Sydogyna" {rF+ Int+6}
  1692 | D:2      | Noticed Robin
  1721 | D:2      | Killed Robin
  1722 | D:2      | Gained mutation: You regenerate a little health from kills.
                  | [demonic ancestry]
  1722 | D:2      | Reached XP level 4. HP: 18/35 MP: 4/4
  1983 | D:3      | Found Hitz's Jewellery Shoppe.
  2405 | D:3      | Found a runed translucent door.
  2406 | D:3      | Noticed Crazy Yiuf
  2417 | D:3      | Killed Crazy Yiuf
  2418 | D:3      | Gained mutation: You sometimes gain a little power by
                  | taking damage. [demonic ancestry]
  2418 | D:3      | Reached XP level 5. HP: 26/42 MP: 2/5
  2620 | D:3      | Noticed Sigmund
  2638 | D:3      | Killed Sigmund
  2639 | D:3      | Reached skill level 4 in Fighting
  2639 | D:3      | Reached XP level 6. HP: 33/48 MP: 6/6
  3163 | D:4      | Found Ufriogo's Assorted Antiques.
  3233 | D:4      | Reached XP level 7. HP: 35/55 MP: 7/7
  3437 | D:5      | Entered Level 5 of the Dungeon
  3499 | D:5      | Reached skill level 5 in Fighting
  3614 | D:5      | Noticed Eustachio
  3636 | D:5      | Killed Eustachio
  3671 | D:5      | Found Zetoawku's Antique Armour Shop.
  4071 | D:5      | Bought a jewelled ring mail for 261 gold pieces
  4071 | D:5      | Identified the +1 ring mail of Hide-and-Seek {rF- rC- Str+8
                  | Int+4} (You bought it in a shop on level 5 of the Dungeon)
  4179 | D:6      | Reached skill level 5 in Axes
  4179 | D:6      | Gained mutation: You have hoof-like feet. [demonic
                  | ancestry]
  4179 | D:6      | Reached XP level 8. HP: 63/63 MP: 8/8
  4254 | D:6      | Noticed Maggie
  4281 | D:6      | Noticed Edmund
  4290 | D:6      | Killed Maggie
  4291 | D:6      | Reached skill level 6 in Fighting
  4291 | D:6      | Reached skill level 5 in Armour
  4291 | D:6      | Reached skill level 5 in Dodging
  4306 | D:6      | Killed Edmund
  4338 | D:6      | Reached *** piety under Trog
  4457 | D:6      | Found a shimmering blue altar of Sif Muna.
  4633 | D:6      | Gained mutation: You are mostly covered in yellow scales.
                  | (AC +3) [demonic ancestry]
  4633 | D:6      | Reached XP level 9. HP: 40/71 MP: 9/9
  4784 | D:7      | Noticed a cyclops
  4792 | D:7      | Reached skill level 7 in Fighting
  4810 | D:7      | Killed a cyclops
  4899 | D:7      | Found Qeatydo's Jewellery Shoppe.
  4978 | D:7      | Found a staircase to the Ecumenical Temple.
  5291 | D:8      | Gained mutation: You regenerate health from kills. [demonic
                  | ancestry]
  5291 | D:8      | Reached XP level 10. HP: 45/80 MP: 10/10
  5310 | D:8      | Reached skill level 8 in Fighting
  5320 | D:8      | Reached **** piety under Trog
  5915 | D:9      | Noticed a two-headed ogre
  5948 | D:9      | Noticed Prince Ribbit
  5962 | D:9      | Paralysed by a hornet for 3 turns
  5970 | D:9      | Paralysed by a hornet for 2 turns
  5975 | D:9      | Paralysed by a hornet for 1 turns
  6020 | D:9      | HP: 1/82 [two-headed ogre/+0 giant spiked club (16)]
  6024 | D:9      | Slain by a two-headed ogre

Illustrated notes

Levels and vault maps discovered:
D:1:      onia_arrival_mini_spirals, layout_basic,
          hellmonk_ecumenical_altar_slurped_away
D:2:      layout_basic, bh_walls_and_bars, uniq_robin
D:3:      layout_rooms, serial_shops, nicolae_shop_advertising_works
          [nicolae_subvault_shop_adworks], st_stairs_14,
          kennysheep_generic_room_4, uniq_sigmund, uniq_crazy_yiuf_cottage
D:4:      layout_rooms, serial_shops, shop, corner_web_ring,
          minmay_a_box_with_orc_wizards_in_it
D:5:      layout_gridville, serial_shops, nicolae_shop_hallway_plus,
          uniq_eustachio
D:6:      layout_rooms, mainiacjoe_overflow_six_doors_small, uniq_maggie,
          uniq_edmund
D:7:      lemuel_castle_with_subvaults [lemuel_castle_interior_carwin_2],
          layout_rooms, minmay_temple_entry_purple_smoke, serial_shops,
          nicolae_shop_waterfront
D:8:      layout_loops_ring
D:9:      layout_loops_cross, minmay_lair_entry_grove, uniq_grum, uniq_maurice,
          uniq_prince_ribbit1

Skill      XL: |  1  2  3  4  5  6  7  8  9 10 |
---------------+-------------------------------+-----
Armour         | 2 3 4 5 6 7 |  7.6
Dodging        | 2 3 4 5 6 7 |  7.6
Axes           | 3 4 5 6 7 |  7.9
Fighting       | 4 5 6 7 8 |  8.7

Action                   |  1- 3 |  4- 6 |  7- 9 | 10-12 || total
-------------------------+-------+-------+-------+-------++-------
Melee: Hand axe          |   151 |   113 |    43 |       ||   307
       Punch             |     2 |     1 |     3 |       ||     6
       Kick              |    12 |    26 |    79 |    40 ||   157
       War axe           |       |       |   230 |    24 ||   254
       Battleaxe         |       |       |       |   121 ||   121
Invok: Berserk           |     1 |     3 |     4 |     2 ||    10
       Trog's Hand       |     1 |     3 |     7 |     5 ||    16
  Use: Scroll            |     3 |    12 |     4 |     2 ||    21
       Potion            |       |       |     2 |     5 ||     7
 Stab: Sleeping          |     2 |       |       |       ||     2
Armor: Animal skin       |    46 |       |       |       ||    46
       Ring mail         |    14 |    58 |    35 |       ||   107
       Plate armour      |       |       |   238 |   134 ||   372
Dodge: Dodged            |   145 |    55 |   196 |   101 ||   497

Table legend: (Time is in decaauts)
 A = Elapsed time spent in this place.
 B = Non-inter-level travel time spent in this place.
 C = Inter-level travel time spent in this place.
 D = Time resting spent in this place.
 E = Time spent auto-exploring this place.
 F = Levels seen in this place.
 G = Mean time per level.
                   A        B        C        D        E       F      G
               +--------+--------+--------+--------+--------+-----+--------+
         Total |   6205 |   6156 |     49 |      0 |   4215 |   9 |  689.4 |
       Dungeon |   6205 |   6156 |     49 |      0 |   4215 |   9 |  689.4 |
               +--------+--------+--------+--------+--------+-----+--------+

Top non-repeatable levels by time:
     D:1: 1081 daAuts
     D:3: 941 daAuts
     D:2: 888 daAuts
     D:8: 695 daAuts
     D:6: 673 daAuts
     D:5: 672 daAuts
     D:4: 596 daAuts
     D:7: 481 daAuts
     D:9: 173 daAuts
